 Dungeon Crawl Stone Soup version 0.20.1-1-g8b1a95d (webtiles) character file.

3041 digijack the Cudgeler (level 10, -8/77 HPs)
             Began as a Human Wanderer on Dec 29, 2017.
             Mangled by a two-headed ogre
             ... wielding a +0 giant spiked club
              (13 damage)
             ... on level 8 of the Dungeon on Dec 31, 2017.
             The game lasted 01:08:46 (9292 turns).

digijack the Cudgeler (Human Wanderer)              Turns: 9292, Time: 01:08:47

Health: -8/77      AC: 11    Str: 16    XL:     10   Next: 11%
Magic:  10/10      EV: 13    Int: 13    God:    Xom [......]
Gold:   409        SH:  0    Dex: 19    Spells: 9/9 levels left

rFire    + . .     SeeInvis .   a - +4 mace
rCold    + . .     Gourm    .   (no shield)
rNeg     . . .     Faith    .   b - +2 ring mail
rPois    +         Spirit   .   n - +0 helmet
rElec    .         Reflect  .   e - +0 cloak
rCorr    .         Harm     .   (no gloves)
MR       .....     Clarity  +   (no boots)
Stlth    ++........             (no amulet)
Regen    0.3/turn               m - ring "Qelot" {rC+ Str+2 Int+3 Stlth-}
MPRegen  0.2/turn               q - ring of protection from fire

@: no status effects
A: talons 1, repulsion field 2, agile 1, clarity, poison resistance, wild magic
1
a: Renounce Religion


You were on level 8 of the Dungeon.
You worshipped Xom.
You were a very special plaything of Xom.
You were not hungry.

You visited 1 branch of the dungeon, and saw 8 of its levels.
You also visited: Ossuary.

You collected 409 gold pieces.

Inventory:

Hand Weapons
 a - a +4 mace (weapon)
Armour
 b - a +2 ring mail (worn)
 e - a +0 cloak (worn)
 n - a +0 helmet (worn)
Jewellery
 m - the ring "Qelot" (left hand) {rC+ Str+2 Int+3 Stlth-}
   (Xom gifted it to you on level 5 of the Dungeon)

   [ring of intelligence]

   It affects your strength (+2).
   It affects your intelligence (+3).
   It protects you from cold.
   It makes you less stealthy.
 q - a ring of protection from fire (right hand)
 t - an uncursed ring of magical power
Scrolls
 c - 6 scrolls of identify
 f - 3 scrolls of magic mapping
 j - 3 scrolls of remove curse
 k - 2 scrolls of teleportation
 o - 4 scrolls of recharging
 s - a scroll of fear
Potions
 h - 3 potions of heal wounds
 l - 2 potions of haste
 p - 2 potions of curing
 r - 2 potions of brilliance
 w - a potion of agility
Comestibles
 d - 3 bread rations
 g - a fruit
 i - 8 meat rations
 u - 6 chunks of flesh
 v - a royal jelly


   Skills:
 + Level 6.9 Fighting
   Level 2.0(5.0) Axes
 + Level 7.4(7.5) Maces & Flails
 - Level 1.0 Throwing
 + Level 6.7 Armour
 + Level 7.1 Stealth


You had 9 spell levels left.
You didn't know any spells.

Dungeon Overview and Level Annotations

Branches:
Dungeon (8/15)             Temple (0/1) D:5
   Lair: D:8-11

Altars:
Dithmenos
Kikubaaqudgha
Makhleb
Qazlal
Ru
Trog
Xom
Yredelemnul
Zin
The Shining One


Innate Abilities, Weirdness & Mutations

You have sharp toenails.
You are surrounded by a moderate repulsion field. (EV +3)
You are agile. (Dex +2)
You possess an exceptional clarity of mind.
Your system is resistant to poisons. (rPois)
Your spells are a little harder to cast, but a little more powerful.


Message History

The two-headed ogre hits you with a giant spiked club!!
The two-headed ogre misses you.
You barely miss the two-headed ogre.
You claw the two-headed ogre, but do no damage.
The two-headed ogre is severely wounded.
You hit the two-headed ogre but do no damage.
The two-headed ogre is severely wounded.
The two-headed ogre hits you with a giant spiked club!
The two-headed ogre closely misses you.
You hit the two-headed ogre.
You claw the two-headed ogre, but do no damage.
The two-headed ogre is severely wounded.
The two-headed ogre closely misses you.
The two-headed ogre hits you with a giant spiked club!!
* * * LOW HITPOINT WARNING * * *
You hit the two-headed ogre.
The two-headed ogre is severely wounded.
The two-headed ogre hits you with a giant spiked club!
You die...
Xom thinks this is hilarious!

... ...#.# ...##..#.#
# !.....).... #
#.#..#.#.#..#
#....#.#.#..#
#...#.#.#..####
###.###.............+
......O@........##.#
#######...#........#
##..#........#
#..#........#
#..#........#
.#.#.#.####.#
#.#...#.# #.#...#.#
.....#.#


You could see a two-headed ogre.

Vanquished Creatures
  A kobold demonologist (D:6)
  A hog (D:6)
  Menkaure (Ossuary)
  Duvessa (D:4)
  A black bear (D:6)
  2 orc warriors (D:7)
  A sky beast (D:6)
  2 ice beasts
  3 ogres (D:6)
  2 centaurs (D:6)
  A big kobold (D:7)
  4 bullfrogs (D:6)
  Dowan (D:4)
  2 scorpions
  2 crimson imps (D:7)
  2 hounds
  2 bullfrog skeletons (D:6)
  A bullfrog zombie (D:6)
  3 jellies
  2 orc priests
  A centaur skeleton (D:5)
  6 orc wizards
  An iguana (D:6)
  4 worker ants
  3 mummies (Ossuary)
  A howler monkey skeleton (D:4)
  2 gnolls
  A worker ant zombie (D:6)
  8 adders
  A shadow imp (D:7)
  3 oozes
  An adder zombie (D:6)
  An adder skeleton (D:6)
  3 worms (D:2)
  2 dart slugs
  3 leopard geckos
  25 orcs
  5 giant cockroaches
  A gnoll zombie (Ossuary)
  14 goblins
  16 hobgoblins
  8 jackals
  4 quokkas
  A ball python (D:2)
  A ball python skeleton (D:5)
  11 bats
  4 frilled lizards
  3 gnoll skeletons (Ossuary)
  2 goblin skeletons (Ossuary)
  3 goblin zombies
  A hobgoblin skeleton (Ossuary)
  A hobgoblin zombie (Ossuary)
  21 kobolds
  4 kobold skeletons (Ossuary)
  2 kobold zombies (Ossuary)
  An orc skeleton (Ossuary)
  An orc zombie (Ossuary)
  12 rats
  A rat skeleton (Ossuary)
  5 rat zombies
223 creatures vanquished.

Vanquished Creatures (collateral kills)
  An ogre (D:6)
  An orc priest (D:6)
  2 orcs (D:6)
4 creatures vanquished.

Vanquished Creatures (others)
  A gnoll zombie (Ossuary)
  A goblin skeleton (Ossuary)
  6 goblin zombies (Ossuary)
  4 hobgoblin skeletons (Ossuary)
  2 hobgoblin zombies (Ossuary)
  6 kobold skeletons (Ossuary)
  2 kobold zombies (Ossuary)
  2 orc skeletons (Ossuary)
  An orc zombie (Ossuary)
  2 rat zombies (Ossuary)
27 creatures vanquished.

Grand Total: 254 creatures vanquished

Notes
Turn   | Place    | Note
-------+----------+-------------------------------------------
     0 | D:1      | digijack the Human Wanderer began the quest for the Orb.
     0 | D:1      | digijack set off with: a +2 mace, a +0 ring mail, a +0 hand axe, a bread ration
     0 | D:1      | Reached XP level 1. HP: 16/16 MP: 1/1
   219 | D:1      | Reached XP level 2. HP: 17/23 MP: 2/2
   496 | D:1      | Reached XP level 3. HP: 28/28 MP: 3/3
  1409 | D:2      | Reached XP level 4. HP: 9/34 MP: 4/4
  1719 | D:2      | Found a burning altar of Makhleb.
  1721 | D:2      | Found a glowing golden altar of the Shining One.
  1721 | D:2      | Found an iron altar of Okawaru.
  1739 | D:2      | Found a deep blue altar of Sif Muna.
  1739 | D:2      | Found a snail-covered altar of Cheibriados.
  1739 | D:2      | Found a shimmering altar of Xom.
  1762 | D:2      | Became a worshipper of Xom the Random
  1857 | D:2      | XOM: divination: magic mapping
  2227 | D:2      | XOM is BORED!
  2227 | D:2      | XOM: silly message
  2246 | D:2      | XOM: harmless Air miscast
  2250 | D:2      | XOM: divination: detect creatures
  2252 | D:2      | XOM: cast spell 'Summon Butterflies'
  2260 | D:2      | XOM: smoke on damage
  2269 | D:2      | Reached XP level 5. HP: 9/41 MP: 5/5
  2396 | D:2      | XOM: harmless Chrm miscast
  2409 | D:2      | XOM: silly message
  2537 | D:2      | XOM: divination: detect creatures
  2629 | D:2      | Found a glowing silver altar of Zin.
  2862 | D:2      | XOM: divination: detect creatures
  2879 | D:2      | Found an ancient bone altar of Kikubaaqudgha.
  3096 | D:3      | XOM: confusion (+ monsters)
  3141 | D:3      | Found a glowing golden altar of the Shining One.
  3270 | D:3      | Found a faded altar of an unknown god.
  3365 | D:3      | Found a basalt altar of Yredelemnul.
  3370 | D:3      | Found a stormy altar of Qazlal.
  3377 | D:3      | Reached XP level 6. HP: 47/47 MP: 6/6
  3382 | D:3      | Found a sacrificial altar of Ru.
  3385 | D:3      | XOM: mild Pois miscast
  3396 | D:3      | XOM: noise
  3449 | D:3      | XOM: medium Chrm miscast
  3541 | D:3      | XOM: harmless Tloc miscast
  3649 | D:4      | Found a sand-covered staircase.
  3659 | Ossuary  | Entered an ossuary
  3938 | Ossuary  | XOM: give mutations
  3938 | Ossuary  | Gained mutation: Your spells are a little harder to cast, but a little more powerful. [Xom's grace]
  3938 | Ossuary  | Gained mutation: You have large cloven feet. [Xom's grace]
  3949 | Ossuary  | XOM: scenery: create altars
  4070 | Ossuary  | Noticed Menkaure
  4072 | Ossuary  | Killed Menkaure
  4288 | D:4      | XOM: give mutations
  4288 | D:4      | Gained mutation: You possess an exceptional clarity of mind. [Xom's grace]
  4288 | D:4      | Gained mutation: You are surrounded by a mild repulsion field. (EV +2) [Xom's grace]
  4317 | D:4      | XOM: scenery: create altars
  4361 | D:4      | Lost mutation: Your spells are a little harder to cast, but a little more powerful. [potion of mutation]
  4361 | D:4      | Lost mutation: You have large cloven feet. [potion of mutation]
  4361 | D:4      | Gained mutation: You are agile. (Dex +2) [potion of mutation]
  4361 | D:4      | Gained mutation: Your system is resistant to poisons. (rPois) [potion of mutation]
  4695 | D:4      | Noticed Duvessa
  4695 | D:4      | Noticed Dowan
  4709 | D:4      | Killed Dowan
  4725 | D:4      | XOM: confuse monster(s)
  4851 | D:4      | Killed Duvessa
  4851 | D:4      | Reached XP level 7. HP: 32/54 MP: 7/7
  5014 | D:4      | XOM: scenery: create altars
  5034 | D:4      | XOM: scenery: create altars
  5189 | D:4      | XOM: god gift: short sword {god gift}
  5227 | D:5      | Entered Level 5 of the Dungeon
  5277 | D:5      | Found a shadowy altar of Dithmenos.
  5315 | D:5      | XOM: divination: magic mapping
  5648 | D:5      | XOM: god gift: vibrating platinum ring {god gift}
  5649 | D:5      | Got a vibrating platinum ring {god gift}
  5650 | D:5      | Identified the ring "Qelot" {rC+ Str+2 Int+3 Stlth-} (Xom gifted it to you on level 5 of the Dungeon)
  5662 | D:5      | XOM: give mutations
  5662 | D:5      | Gained mutation: Your spells are a little harder to cast, but a little more powerful. [Xom's grace]
  5662 | D:5      | Gained mutation: You are surrounded by a moderate repulsion field. (EV +3) [Xom's grace]
  5662 | D:5      | Gained mutation: You have sharp toenails. [Xom's grace]
  5762 | D:5      | Found a staircase to the Ecumenical Temple.
  5849 | D:5      | XOM: fake destruction
  5934 | D:5      | Identified Zunivuew's Reference Book on the Congealing Traveller
  6054 | D:5      | Reached XP level 8. HP: 55/61 MP: 8/8
  6325 | D:6      | XOM: summons 8 friendly demons
  6328 | D:6      | Reached skill level 5 in Fighting
  6579 | D:6      | Noticed a yak
  6584 | D:6      | Noticed a hog
  6584 | D:6      | a yak changed into a hog
  6584 | D:6      | XOM: polymorph yak -> hog
  6590 | D:6      | Reached skill level 5 in Stealth
  6592 | D:6      | XOM: fake destruction
  6598 | D:6      | Killed a hog
  6598 | D:6      | Reached skill level 5 in Maces & Flails
  6598 | D:6      | Reached skill level 5 in Armour
  6817 | D:6      | XOM: swap monsters
  6824 | D:6      | XOM: harmless Pois miscast
  6833 | D:6      | XOM: swap monsters
  6842 | D:6      | XOM: mild Hex miscast
  6844 | D:6      | Noticed a kobold demonologist
  6860 | D:6      | XOM: blink monster(s)
  6865 | D:6      | Killed a kobold demonologist
  6865 | D:6      | Reached XP level 9. HP: 26/69 MP: 9/9
  6916 | D:6      | XOM: stat loss: -1 Str (15/16)
  7324 | D:6      | Found a burning altar of Makhleb.
  7342 | D:6      | XOM: draining
  7405 | D:6      | Found a bloodstained altar of Trog.
  7548 | D:6      | XOM: mild Tloc miscast
  7758 | D:6      | XOM: fog
  7803 | D:7      | XOM: harmless Erth miscast
  7810 | D:7      | XOM: enchant monster (bad)
  7824 | D:7      | XOM: mild Tloc miscast
  8206 | D:7      | XOM: harmless Chrm miscast
  8216 | D:7      | Reached XP level 10. HP: 40/77 MP: 10/10
  8618 | D:7      | XOM: swap monsters
  8676 | D:7      | XOM: severe Chrm miscast
  8772 | D:7      | XOM: medium Pois miscast
  9127 | D:7      | XOM: noise
  9271 | D:8      | XOM: 1-stop teleportation journey
  9272 | D:8      | Noticed a queen ant
  9280 | D:8      | Noticed a two-headed ogre
  9284 | D:8      | XOM: enchant monster (bad)
  9292 | D:8      | Mangled by a two-headed ogre

Skill      XL: |  1  2  3  4  5  6  7  8  9 10 |
---------------+-------------------------------+-----
Stealth        | 2 3 4 6 7 |  7.1
Fighting       | 3 4 5 6 |  6.9
Maces & Flails | 3 4 5 7 |  7.4
Armour         | 3 4 5 6 |  6.7
Axes           | |  2.0
Throwing       | |  1.0

Action                   |  1- 3 |  4- 6 |  7- 9 | 10-12 || total
-------------------------+-------+-------+-------+-------++-------
Melee: Mace              |    87 |   249 |   316 |    96 ||   748
       Kick              |       |    12 |    99 |    35 ||   146
  Use: Scroll            |     5 |     9 |     7 |     2 ||    23
       Potion            |       |     5 |     2 |     2 ||     9
 Stab: Sleeping          |       |     3 |     7 |     5 ||    15
       Distracted        |       |     1 |     2 |       ||     3
       Confused          |       |       |     1 |     1 ||     2
  Eat: Chunk             |     1 |     3 |       |     1 ||     5
       Bread ration      |     1 |       |     2 |       ||     3
       Royal jelly       |       |     2 |       |       ||     2
       Meat ration       |       |       |     1 |       ||     1
Armor: Ring mail         |    36 |   108 |   125 |    26 ||   295
Dodge: Dodged            |    49 |   133 |   207 |    51 ||   440
Block: Buckler           |       |       |    29 |       ||    29
